 Dungeon Crawl Stone Soup version 0.28-a0-1084-ga282ea246d (webtiles) character file.

Game seed: 15322208848275164190

639 ChaosChampion the Chopper (level 7, 0/60 HPs)
             Began as a Gnoll Cinder Acolyte on Dec 10, 2021.
             Was a High Priest of Ignis.
             Succumbed to Eustachio's poison
             ... on level 5 of the Dungeon.
             The game lasted 00:13:49 (5510 turns).

ChaosChampion the Chopper (Gnoll Cinder Acolyte)    Turns: 5510, Time: 00:13:50

Health: 0/60       AC:  2    Str: 16    XL:     7   Next: 50%
Magic:  3/12       EV: 12    Int: 13    God:    Ignis [*****.]
Gold:   201        SH:  0    Dex:  7    Spells: 6/13 levels left

rFire   + . .      SeeInvis .   g - staff of poison
rCold   . . .      Faith    .   (no shield)
rNeg    . . .      Spirit   .   b - +0 robe
rPois   +          Reflect  .   (no helmet)
rElec   .          Harm     .   (no cloak)
rCorr   .          Rampage  .   (no gloves)
Will    .....                   (no boots)
Stlth   ++........              (no amulet)
HPRegen 0.20/turn               (no ring)
MPRegen 0.13/turn               (no ring)

@: lethally poisoned (0 -> -6)
A: fangs 1, strong nose, distributed training
a: Renounce Religion, Fiery Armour, Foxfire Swarm, Rising Flame


You were on level 5 of the Dungeon.
You worshipped Ignis.
Ignis was extremely pleased with you.
You visited 1 branch of the dungeon, and saw 5 of its levels.

You collected 201 gold pieces.

Inventory:

Hand Weapons
 a - a -1 hand axe of flaming
Missiles
 f - 6 boomerangs (quivered)
 k - 11 bolts
Armour
 b - a +0 robe (worn)
Magical Staves
 g - a staff of poison (weapon)
Scrolls
 d - a scroll of teleportation {unknown}
 e - a scroll of acquirement {unknown}
 i - 2 scrolls of immolation {unknown}
Potions
 c - 2 potions of ambrosia
 h - a potion of curing {unknown}


   Skills:
 + Level 7.0 Fighting
 + Level 2.5 Short Blades
 + Level 2.5 Long Blades
 + Level 7.0 Axes
 + Level 2.5 Maces & Flails
 + Level 2.5 Polearms
 + Level 2.5 Staves
 + Level 2.5 Slings
 + Level 2.5 Bows
 + Level 2.5 Crossbows
 + Level 2.5 Throwing
 + Level 2.5 Armour
 + Level 2.5 Dodging
 + Level 2.5 Stealth
 + Level 2.5 Shields
 + Level 2.5 Unarmed Combat
 + Level 3.8 Spellcasting
 + Level 2.0 Conjurations
 + Level 2.0 Hexes
 + Level 2.0 Summonings
 + Level 2.0 Necromancy
 + Level 2.0 Translocations
 + Level 2.0 Transmutations
 + Level 5.8 Fire Magic
 + Level 2.0 Ice Magic
 + Level 2.0 Air Magic
 + Level 2.0 Earth Magic
 + Level 2.0 Poison Magic
 + Level 2.8 Invocations
 + Level 2.5 Evocations


You had 6 spell levels left.
You knew the following spells:

 Your Spells              Type           Power      Damage    Failure   Level
a - Scorch                Fire           34%        2d7       2%          2
b - Blink                 Tloc           14%        N/A       14%         2
c - Summon Guardian Gole  Hex/Summ       7%         N/A       26%         3

Your spell library contained the following spells:

 Spells                   Type           Power      Damage    Failure   Level
 Summon Small Mammal      Summ           28%        N/A       9%          1
 Call Canine Familiar     Summ           7%         N/A       26%         3
 Lesser Beckoning         Tloc           7%         N/A       26%         3
 Manifold Assault         Tloc           7%         N/A       94%         5


Dungeon Overview and Level Annotations

Branches:
Dungeon (5/15)
 Temple: D:4-7

Altars:

Shops:
D:1 ?   D:2 !

Annotations:
D:4 Edmund, Eustachio


Innate Abilities, Weirdness & Mutations

You have very sharp teeth.
Your uncanny sense of smell can sniff out nearby items.
Your experience applies equally to all skills.


Message History

You barely miss Eustachio.
Eustachio is lightly wounded.
Eustachio hits you with a +4 rapier of venom!
The shadow imp hits you but does no damage.
You barely miss Eustachio.
Eustachio is lightly wounded.
Eustachio misses you.
The crimson imp blinks!
The shadow imp closely misses you.
You hit Eustachio.
Eustachio is moderately wounded.
Eustachio hits you with a +4 rapier of venom.
The shadow imp hits you.
You miss Eustachio.
Eustachio is moderately wounded.
Eustachio hits you with a +4 rapier of venom!
You are poisoned.
The shadow imp hits you.
Eustachio hits you with a +4 rapier of venom!
You are more poisoned.
You feel very sick. The shadow imp hits you.
* * * LOW HITPOINT WARNING * * *
The crimson imp blinks!
Eustachio mumbles some strange words.
Eustachio blinks!
* * * LOW HITPOINT WARNING * * *
You feel very sick.
Eustachio gestures wildly while chanting.
Eustachio blinks!
* * * LOW HITPOINT WARNING * * *
You feel very sick.
* * * LOW HITPOINT WARNING * * *
You feel very sick.
There is a stone staircase leading down here.
You can't go up here!
* * * LOW HITPOINT WARNING * * *
You feel sick. The shadow imp hits you.
* * * LOW HITPOINT WARNING * * *
You climb downwards.
You die...

###### .....##
## ##..... ...
..... .. ##...
.###.#...#####.#
.........#.....#
...(......@# #
#.....#..#.# .
..... #..#.# .
...# #....# # ##
#..... ∆ ...#.#
##..#.# ##.###


There were no monsters in sight!

Vanquished Creatures
  A black bear (D:4)
  A necrophage (D:4)
  An ogre (D:4)
  A scorpion (D:4)
  A water moccasin skeleton (D:4)
  A jelly (D:4)
  A centaur skeleton (D:4)
  A bullfrog skeleton (D:5)
  A gnoll shaman (D:4)
  A hound skeleton (D:5)
  3 gnolls
  A howler monkey skeleton (D:5)
  5 adders
  A shadow imp (D:5)
  An ufetubus (D:4)
  An adder skeleton (D:4)
  A worm (D:2)
  3 dart slugs
  2 orcs
  6 ball pythons
  2 endoplasms
  3 giant cockroaches
  2 goblins
  A hobgoblin (D:3)
  3 quokkas
  A bat (D:3)
  4 frilled lizards
  3 kobolds
  5 rats
58 creatures vanquished.

Vanquished Creatures (others)
  9 foxfires (D:4)
9 creatures vanquished.

Grand Total: 67 creatures vanquished

Notes
Turn   | Place    | Note
-------+----------+-------------------------------------------
     0 | D:1      | ChaosChampion the Gnoll Cinder Acolyte began the quest for
                  | the Orb.
     0 | D:1      | Reached XP level 1. HP: 23/23 MP: 4/4
   219 | D:1      | Reached XP level 2. HP: 29/29 MP: 5/5
   686 | D:1      | Found Dotytoit's Magic Scroll Emporium.
  1228 | D:2      | Reached XP level 3. HP: 24/35 MP: 7/7
  1489 | D:2      | Found Oqemuasu's Distillery.
  1922 | D:5      | Entered Level 5 of the Dungeon
  2077 | D:3      | Learned a level 2 spell: Scorch
  2080 | D:3      | Learned a level 2 spell: Blink
  2236 | D:3      | Reached skill level 1 in Invocations
  2297 | D:3      | Reached skill level 1 in Short Blades
  2297 | D:3      | Reached skill level 1 in Long Blades
  2297 | D:3      | Reached skill level 1 in Maces & Flails
  2297 | D:3      | Reached skill level 1 in Polearms
  2297 | D:3      | Reached skill level 1 in Staves
  2297 | D:3      | Reached skill level 1 in Slings
  2297 | D:3      | Reached skill level 1 in Bows
  2297 | D:3      | Reached skill level 1 in Crossbows
  2297 | D:3      | Reached skill level 1 in Throwing
  2297 | D:3      | Reached skill level 1 in Armour
  2297 | D:3      | Reached skill level 1 in Dodging
  2297 | D:3      | Reached skill level 1 in Stealth
  2297 | D:3      | Reached skill level 1 in Shields
  2297 | D:3      | Reached skill level 1 in Unarmed Combat
  2297 | D:3      | Reached skill level 1 in Evocations
  2355 | D:3      | Found a faded altar of an unknown god.
  2396 | D:3      | Reached XP level 4. HP: 35/41 MP: 1/8
  2796 | D:5      | Reached skill level 1 in Conjurations
  2796 | D:5      | Reached skill level 1 in Hexes
  2796 | D:5      | Reached skill level 1 in Summonings
  2796 | D:5      | Reached skill level 1 in Necromancy
  2796 | D:5      | Reached skill level 1 in Translocations
  2796 | D:5      | Reached skill level 1 in Transmutations
  2796 | D:5      | Reached skill level 1 in Ice Magic
  2796 | D:5      | Reached skill level 1 in Air Magic
  2796 | D:5      | Reached skill level 1 in Earth Magic
  2796 | D:5      | Reached skill level 1 in Poison Magic
  2796 | D:5      | Reached XP level 5. HP: 27/47 MP: 9/9
  3187 | D:4      | HP: 2/47 [poisoned by a scorpion]
  3936 | D:4      | Reached XP level 6. HP: 43/53 MP: 10/10
  4384 | D:4      | Noticed Edmund
  4598 | D:4      | Learned a level 3 spell: Summon Guardian Golem
  4637 | D:4      | Noticed a necrophage
  4648 | D:4      | Killed a necrophage
  4649 | D:4      | Reached XP level 7. HP: 40/59 MP: 2/12
  5438 | D:4      | Noticed Eustachio
  5509 | D:4      | HP: 2/60 [shadow imp[Eustachio] (5)]
  5510 | D:5      | Succumbed to Eustachio's poison

Illustrated notes

Levels and vault maps discovered:
D:1:      dpeg_arrival_oval, layout_loops_ring, serial_shops,
          nicolae_shop_advertising_works [nicolae_subvault_shop_adworks],
          hangedman_abyss_or_decor_lesser_grid, chequers_serial_rivers_micro_e
D:2:      layout_basic, serial_shops, shop
D:3:      layout_rooms, ebering_ecumenical_altar_mist, kennysheep_generic_room_8
D:4:      layout_cave_pods, uniq_eustachio, uniq_edmund
D:5:      layout_basic, kennysheep_generic_room_15

Skill      XL: |  1  2  3  4  5  6  7 |
---------------+----------------------+-----
Invocations    | 1 2 |  2.8
Short Blades   | 1 2 |  2.5
Long Blades    | 1 2 |  2.5
Maces & Flails | 1 2 |  2.5
Polearms       | 1 2 |  2.5
Staves         | 1 2 |  2.5
Slings         | 1 2 |  2.5
Bows           | 1 2 |  2.5
Crossbows      | 1 2 |  2.5
Throwing       | 1 2 |  2.5
Armour         | 1 2 |  2.5
Dodging        | 1 2 |  2.5
Stealth        | 1 2 |  2.5
Shields        | 1 2 |  2.5
Unarmed Combat | 1 2 |  2.5
Evocations     | 1 2 |  2.5
Spellcasting   | 3 |  3.8
Conjurations   | 1 2 |  2.0
Hexes          | 1 2 |  2.0
Summonings     | 1 2 |  2.0
Necromancy     | 1 2 |  2.0
Translocations | 1 2 |  2.0
Transmutations | 1 2 |  2.0
Ice Magic      | 1 2 |  2.0
Air Magic      | 1 2 |  2.0
Earth Magic    | 1 2 |  2.0
Poison Magic   | 1 2 |  2.0
Fighting       | 7 |  7.0
Axes           | 7 |  7.0
Fire Magic     | |  5.8

Action                   |  1- 3 |  4- 6 |  7- 9 || total
-------------------------+-------+-------+-------++-------
Melee: Hand axe          |    63 |    58 |    11 ||   132
       Bite              |     1 |     6 |     1 ||     8
       Staff             |       |       |    14 ||    14
Throw: Boomerang         |     1 |     6 |       ||     7
 Cast: Scorch            |    10 |    15 |    18 ||    43
       Blink             |     1 |     1 |       ||     2
       Summon Guardian G |       |     1 |     6 ||     7
Invok: Foxfire Swarm     |       |     1 |       ||     1
  Use: Potion            |       |     4 |       ||     4
       Scroll            |       |     1 |       ||     1
Armor: Robe              |     7 |    13 |     2 ||    22
Dodge: Dodged            |    40 |    32 |    26 ||    98

Table legend: (Time is in decaauts)
 A = Elapsed time spent in this place.
 B = Non-inter-level travel time spent in this place.
 C = Inter-level travel time spent in this place.
 D = Time resting spent in this place.
 E = Time spent auto-exploring this place.
 F = Levels seen in this place.
 G = Mean time per level.
                   A        B        C        D        E       F      G
               +--------+--------+--------+--------+--------+-----+--------+
         Total |   5503 |   5503 |      0 |   1863 |   2386 |   5 | 1100.6 |
       Dungeon |   5503 |   5503 |      0 |   1863 |   2386 |   5 | 1100.6 |
               +--------+--------+--------+--------+--------+-----+--------+

Top non-repeatable levels by time:
     D:4: 1992 daAuts
     D:3: 1103 daAuts
     D:2: 1100 daAuts
     D:1: 808 daAuts
     D:5: 499 daAuts
